[Event "Titled Tuesday Blitz July 25 Late 2023"]
[White "Mamedov, Rauf"]
[Black "Salik, Serkan"]
[WhiteFideId "13401653"]
[BlackFideId "30952492"]
[WhiteElo "3026"]
[BlackElo "2603"]
[Result "1-0"]
[Round "2"]
[TimeControl "180+2"]
[Date "2023.07.25"]
[WhiteClock "0:00:14"]
[BlackClock "0:00:03"]
[Board "11"]

1. e4 e5 2. Nf3 Nc6 3. Bc4 Bc5 4. c3 Nf6 5. d3 O-O 6. O-O d6 7. a4 a6 8. Bg5 h6 9. Bh4 Be6 10. Nbd2 Ba7 11. b4 Qe7 12. Re1 Bxc4 13. Nxc4 Qe6 14. Ne3 Ne7 15. Qc2 Ng6 16. Bg3 Nh5 17. Nd5 Rac8 18. b5 f5 19. Qa2 Kh8 20. exf5 Qxf5 21. Rad1 Nhf4 22. Bxf4 Nxf4 23. Nxf4 Qxf4 24. Qd5 Qxa4 25. Qxb7 Bb6 26. bxa6 Rb8 27. Qe4 Qxa6 28. d4 exd4 29. Nh4 Rf7 30. cxd4 Qa2 31. Re2 Qb3 32. g3 Qxd1+ 33. Kg2 Qb3 34. Ng6+ Kg8 35. h4 Rbf8 36. f4 Qc4 37. Rd2 d5 38. Qe6 Qc3 39. Re2 Qb4 40. Kh3 Qd6 41. Nxf8 Qxf8 42. Qxd5 Kh8 43. Re5 Re7 44. Qe4 Qc8+ 45. f5 Rxe5 46. dxe5 Qd7 47. e6 Qd1 48. e7 Qf1+ 49. Qg2 Qb5 50. Qa8+ Kh7 51. e8=Q Qxf5+ 52. Kh2 Qf2+ 53. Qg2 Qf5 54. Qee4 Kg6 1-0


[Site "https://www.chess.com"]

[Event "Titled Tuesday Blitz July 25 Late 2023"]
[White "Principe, Gerson"]
[Black "Andreikin, Dmitry"]
[WhiteFideId "3804550"]
[BlackFideId "4158814"]
[WhiteElo "2603"]
[BlackElo "3025"]
[Result "0-1"]
[Round "2"]
[TimeControl "180+2"]
[Date "2023.07.25"]
[WhiteClock "0:00:15"]
[BlackClock "0:01:26"]
[Board "12"]

1. Nf3 b5 2. e3 a6 3. d4 Nf6 4. c3 e6 5. Bd3 Bb7 6. O-O c5 7. Nbd2 Nc6 8. b3 d5 9. Bb2 Bd6 10. c4 bxc4 11. bxc4 cxd4 12. Nxd4 Ne5 13. Be2 O-O 14. cxd5 Bxd5 15. N4f3 Qb8 16. Bxe5 Bxe5 17. Nxe5 Qxe5 18. Nf3 Qe4 19. Qd4 Rfc8 20. Rfc1 a5 21. a4 h6 22. Qxe4 Nxe4 23. Bb5 Nc3 24. Nd4 Rc5 25. Rc2 Rac8 26. f3 e5 27. Nf5 R8c7 28. Rd2 Nxb5 29. axb5 Rxb5 30. e4 Be6 31. Nd6 Rbc5 32. Rda2 Bxa2 0-1


[Site "https://www.chess.com"]

[Event "Titled Tuesday Blitz July 25 Late 2023"]
[White "Duda, Jan-Krzysztof"]
[Black "Piesik, Piotr"]
[WhiteFideId "1170546"]
[BlackFideId "1136194"]
[WhiteElo "3024"]
[BlackElo "2597"]
[Result "1-0"]
[Round "2"]
[TimeControl "180+2"]
[Date "2023.07.25"]
[WhiteClock "0:02:14"]
[BlackClock "0:01:59"]
[Board "13"]

1. b3 d5 2. Bb2 c5 3. e3 a6 4. Nf3 Nc6 5. d4 cxd4 6. Nxd4 Nxd4 7. Qxd4 Nf6 8. Nd2 e6 9. Bd3 Qa5 10. a3 Bc5 11. Qh4 Qd8 12. O-O Be7 13. Rfd1 Bd7 14. c4 Bc6 15. Rac1 O-O 16. Bxf6 1-0


[Site "https://www.chess.com"]

[Event "Titled Tuesday Blitz July 25 Late 2023"]
[White "Krishnan, Varun"]
[Black "Paravyan, David"]
[WhiteFideId "5054508"]
[BlackFideId "4194985"]
[WhiteElo "2592"]
[BlackElo "3021"]
[Result "0-1"]
[Round "2"]
[TimeControl "180+2"]
[Date "2023.07.25"]
[WhiteClock "0:00:02"]
[BlackClock "0:00:39"]
[Board "14"]

1. e4 e5 2. Nf3 Nf6 3. Nxe5 d6 4. Nf3 Nxe4 5. Nc3 Nxc3 6. dxc3 Be7 7. Be3 O-O 8. Qd2 Nd7 9. O-O-O c6 10. h4 d5 11. h5 h6 12. Nd4 Nf6 13. f3 c5 14. Nb3 b6 15. g4 d4 16. cxd4 Nd5 17. Kb1 Bb7 18. Bd3 Nxe3 19. Qxe3 Qc7 20. Be4 Bxe4 21. Qxe4 c4 22. Nc1 c3 23. b3 a5 24. Rd3 a4 25. Re1 Bg5 26. Qe5 Qa7 27. f4 Bf6 28. Qb5 axb3 29. Qxb3 b5 30. d5 Qc5 31. Re4 Ra3 32. Qb4 Qa7 33. Rde3 Qa8 34. g5 hxg5 35. h6 gxh6 36. fxg5 Bxg5 37. Rd3 Ra4 38. Qd6 Rxe4 39. Qb6 Qa3 0-1


[Site "https://www.chess.com"]

[Event "Titled Tuesday Blitz July 25 Late 2023"]
[White "Dobrikov, Marco"]
[Black "Kevlishvili, Robby"]
[WhiteFideId "12950378"]
[BlackFideId "1040634"]
[WhiteElo "2591"]
[BlackElo "3010"]
[Result "0-1"]
[Round "2"]
[TimeControl "180+2"]
[Date "2023.07.25"]
[WhiteClock "0:01:02"]
[BlackClock "0:00:34"]
[Board "15"]

1. d4 Nf6 2. Bf4 g6 3. e3 Bg7 4. c3 O-O 5. Nd2 d6 6. Ngf3 b6 7. h3 Bb7 8. Be2 Nbd7 9. O-O Re8 10. Bh2 c5 11. Re1 Rc8 12. Rc1 Qc7 13. Qb3 Qb8 14. Ng5 Bd5 15. Bc4 Bxc4 16. Nxc4 Rf8 17. e4 h6 18. Nf3 b5 19. Ncd2 c4 20. Qa3 e5 21. Nf1 Rfe8 22. dxe5 Nxe5 23. Nxe5 dxe5 24. Rcd1 Bf8 25. Qa5 Bc5 26. a4 bxa4 27. Qxa4 Qxb2 28. Bg3 Nh5 29. Kh2 Bxf2 30. Bxf2 Qxf2 31. Ne3 Red8 32. Nd5 Nf4 33. Nxf4 exf4 34. Rf1 Qg3+ 35. Kh1 Rxd1 36. Qxd1 Qxc3 37. Rxf4 Qd3 38. Qg4 Rd8 39. e5 Qd1+ 40. Qxd1 Rxd1+ 41. Kh2 Rc1 42. Rf6 c3 43. e6 fxe6 44. Rxe6 c2 45. Rxg6+ Kf7 46. Rc6 a5 47. Rc4 a4 48. Rxa4 Rd1 0-1


[Site "https://www.chess.com"]

[Event "Titled Tuesday Blitz July 25 Late 2023"]
[White "Pranav, V"]
[Black "Sivakumar, Shaaketh"]
[WhiteFideId "25060783"]
[BlackFideId "30940176"]
[WhiteElo "3009"]
[BlackElo "2581"]
[Result "1-0"]
[Round "2"]
[TimeControl "180+2"]
[Date "2023.07.25"]
[WhiteClock "0:00:38"]
[BlackClock "0:00:44"]
[Board "16"]

1. e4 e6 2. d4 d5 3. Nc3 Bb4 4. e5 Ne7 5. Bd2 b6 6. Qg4 O-O 7. Bd3 c5 8. a3 Bxc3 9. Bxc3 Ba6 10. Bxa6 Nxa6 11. h4 Rb8 12. h5 h6 13. Ne2 Rc8 14. Rh3 Nf5 15. Rd1 Qg5 16. Qxg5 hxg5 17. g4 Ne7 18. Bd2 f6 19. h6 cxd4 20. hxg7 Kxg7 21. Nxd4 Nc7 22. exf6+ Kxf6 23. Nf3 Rg8 24. Bc3+ Kf7 25. Rh7+ Ke8 26. Bf6 Nc6 27. Bxg5 e5 28. Rh5 Ne6 29. Bf6 Rxg4 30. Rxd5 e4 31. Rh8+ Nf8 32. Ng5 Rf4 33. Rd6 Ne7 34. Rxf8+ Kxf8 35. Ne6+ Kf7 36. Nxf4 Nf5 37. Re6 Rxc2 38. Bc3 Rc1+ 39. Kd2 Rf1 40. Rf6+ 1-0


[Site "https://www.chess.com"]

[Event "Titled Tuesday Blitz July 25 Late 2023"]
[White "Santos Latasa, Jaime"]
[Black "Trifan, Andrei Ioan"]
[WhiteFideId "2293307"]
[BlackFideId "12967068"]
[WhiteElo "3003"]
[BlackElo "2579"]
[Result "1-0"]
[Round "2"]
[TimeControl "180+2"]
[Date "2023.07.25"]
[WhiteClock "0:00:20"]
[BlackClock "0:00:19"]
[Board "17"]

1. Nf3 Nf6 2. c4 g6 3. Nc3 Bg7 4. e4 d6 5. d4 O-O 6. Be2 e5 7. O-O Nbd7 8. Be3 c6 9. d5 Qc7 10. Nd2 Nc5 11. b4 Ncd7 12. Rc1 a5 13. a3 Re8 14. c5 axb4 15. axb4 Bf8 16. cxd6 Qxd6 17. b5 cxd5 18. exd5 e4 19. Nc4 Qb8 20. d6 Ne5 21. Bf4 Nxc4 22. Bxc4 Bd7 23. Qb3 Bxd6 24. Bxf7+ Kg7 25. Bxd6 Qxd6 26. Bxe8 Rxe8 27. Ne2 Re5 28. Rfd1 Qb8 29. b6 Rb5 30. Qe3 Qe5 31. h3 Nd5 32. Qd4 Nxb6 33. Qxe5+ Rxe5 34. Rb1 Re6 35. Rxb6 Rxb6 36. Rxd7+ Kh6 37. Nc3 Re6 38. Rxb7 e3 39. fxe3 Rxe3 40. Nd5 Re1+ 41. Kf2 Re5 42. Nf4 Rf5 43. Ke3 Re5+ 44. Kf3 Ra5 45. Nd3 Ra3 46. Ke3 Ra5 47. g3 Rh5 48. h4 g5 49. Rb6+ Kg7 50. Rb5 Kg6 51. hxg5 Rxg5 52. Rxg5+ Kxg5 53. Kf3 h5 54. Nf4 h4 55. g4 Kh6 56. Nh3 Kg6 57. Kf4 1-0


[Site "https://www.chess.com"]

[Event "Titled Tuesday Blitz July 25 Late 2023"]
[White "Cappelletto, Joshuaede"]
[Black "Martinez Alcantara, Jose Eduardo"]
[WhiteFideId "2824383"]
[BlackFideId "3805662"]
[WhiteElo "2574"]
[BlackElo "2996"]
[Result "0-1"]
[Round "2"]
[TimeControl "180+2"]
[Date "2023.07.25"]
[WhiteClock "0:00:01"]
[BlackClock "0:00:08"]
[Board "18"]

1. c4 c5 2. Nf3 Nc6 3. d4 cxd4 4. Nxd4 g6 5. e4 Bg7 6. Be3 d6 7. Nc3 Nf6 8. Be2 O-O 9. O-O Bd7 10. h3 Nxd4 11. Bxd4 Bc6 12. Qc2 a5 13. Rad1 a4 14. c5 Qa5 15. cxd6 exd6 16. Rfe1 Rac8 17. Qd3 Rfe8 18. Bf3 Rcd8 19. Qe3 Rc8 20. Qf4 Re6 21. Bg4 Nxg4 22. hxg4 a3 23. Bxg7 Kxg7 24. Qd2 axb2 25. Qxb2 Kg8 26. Re3 Qg5 27. Qe2 Rce8 28. Nd5 Bxd5 29. Rxd5 Qf4 30. Qf3 Qh6 31. Rd4 Qg5 32. Red3 Qa5 33. Rd2 Qc5 34. Qd3 b5 35. Rc2 Qg5 36. Qf3 Rf6 37. Qe2 Rf4 38. f3 Rf6 39. Rd5 Re5 40. Qxb5 Qe3+ 41. Kh2 Rfe6 42. Rxe5 dxe5 43. Rc8+ Kg7 44. Qb4 Qf4+ 45. Kg1 Qe3+ 46. Kh2 Qf4+ 47. Kg1 Kh6 48. Qf8+ Kg5 49. Qd8+ f6 50. Rc2 Qe3+ 51. Kh2 Qf4+ 52. Kh3 h5 53. Qd2 hxg4+ 54. fxg4 Ra6 55. g3 Qxd2 56. Rxd2 Ra3 57. Re2 Ra4 58. Kg2 Kxg4 59. Kf2 Ra3 60. Re3 Rxa2+ 61. Kf1 Rb2 62. Rd3 Rb6 63. Re3 Rc6 64. Kg2 Re6 65. Rd3 f5 66. exf5 gxf5 67. Ra3 Rb6 68. Kf2 Rb2+ 69. Kg1 Rd2 70. Kf1 e4 71. Ra5 Rd3 72. Kf2 Rf3+ 73. Ke2 Rxg3 74. Ra8 Kf4 0-1


[Site "https://www.chess.com"]

[Event "Titled Tuesday Blitz July 25 Late 2023"]
[White "Sargsyan, Shant"]
[Black "Vovk, Orest"]
[WhiteFideId "13306766"]
[BlackFideId "14113490"]
[WhiteElo "2991"]
[BlackElo "2574"]
[Result "1-0"]
[Round "2"]
[TimeControl "180+2"]
[Date "2023.07.25"]
[WhiteClock "0:01:33"]
[BlackClock "0:00:00"]
[Board "19"]

1. c4 g5 2. d4 h6 3. Nc3 Bg7 4. h4 c5 5. dxc5 Bxc3+ 6. bxc3 Qa5 7. hxg5 hxg5 8. Rxh8 Qxc3+ 9. Qd2 Qxh8 10. Bb2 Qh5 11. Nf3 g4 12. Nd4 g3 13. fxg3 Qxc5 14. Qf4 d6 15. O-O-O Nc6 16. Nb3 Qf5 17. e4 Qxf4+ 18. gxf4 Bg4 19. Rd3 O-O-O 20. c5 dxc5 21. Rxd8+ Nxd8 22. Nxc5 Ne6 23. Nd3 f5 24. exf5 Bxf5 25. g3 Nf6 26. Nf2 Nc5 27. Be2 Nce4 28. Nxe4 Bxe4 29. g4 Nd5 30. Be5 Kd7 31. Kd2 a6 32. f5 e6 33. f6 Bg6 34. g5 b5 35. Bg4 Bf7 36. Bf3 Bg6 37. Bd1 a5 38. Be2 b4 39. Bb5+ Kd8 40. Bd6 Bh7 41. f7 1-0


[Site "https://www.chess.com"]

[Event "Titled Tuesday Blitz July 25 Late 2023"]
[White "Pham, Le Thao Nguyen"]
[Black "He, Anthony"]
[WhiteFideId "12401226"]
[BlackFideId "2088215"]
[WhiteElo "2571"]
[BlackElo "2987"]
[Result "0-1"]
[Round "2"]
[TimeControl "180+2"]
[Date "2023.07.25"]
[WhiteClock "0:00:01"]
[BlackClock "0:00:24"]
[Board "20"]

1. d4 d5 2. c4 e6 3. Nf3 Nf6 4. g3 dxc4 5. Bg2 c6 6. O-O a5 7. Ne5 Be7 8. Nxc4 b5 9. Ne5 Bb7 10. a4 Qb6 11. Bg5 O-O 12. Na3 Rd8 13. e3 Na6 14. Qb3 Nb4 15. Rac1 h6 16. Bxf6 Bxf6 17. Rc5 Be7 18. Rcc1 Rac8 19. Rfd1 Bd6 20. Nd3 bxa4 21. Qxa4 Ba6 22. Nc5 Bb5 23. Nc4 Bxa4 24. Nxb6 Bxd1 25. Nxc8 Rxc8 26. Rxd1 Rb8 27. Ra1 Bxc5 28. dxc5 Rb5 29. Rd1 Rxc5 30. Rd8+ Kh7 31. Rd7 Kg6 32. h4 Kf6 33. Ra7 Nd3 34. b3 Nc1 35. Ra6 Nxb3 36. Bxc6 h5 37. Kg2 Nc1 38. Ba4 Nd3 39. Ra7 Ne5 40. Be8 Rc8 41. Ba4 Rc5 42. Be8 Rc2 43. Bb5 Ng4 44. Rxa5 Rxf2+ 45. Kg1 Rf3 46. e4 Rxg3+ 47. Kf1 Rh3 48. Bc6 Rxh4 49. Ra7 Ne5 50. Be8 Rxe4 0-1


[Site "https://www.chess.com"]

[Event "Titled Tuesday Blitz July 25 Late 2023"]
[White "Xiong, Jeffery"]
[Black "Tarhan, Adar"]
[WhiteFideId "2047640"]
[BlackFideId "34544712"]
[WhiteElo "2978"]
[BlackElo "2567"]
[Result "1-0"]
[Round "2"]
[TimeControl "180+2"]
[Date "2023.07.25"]
[WhiteClock "0:01:48"]
[BlackClock "0:00:40"]
[Board "21"]

1. d4 Nf6 2. Nf3 d5 3. Bf4 c5 4. e3 Nc6 5. Nbd2 cxd4 6. exd4 Qb6 7. Nb3 Bg4 8. Be2 e6 9. O-O Be7 10. a4 O-O 11. a5 Qd8 12. a6 bxa6 13. Rxa6 Rc8 14. c3 Bxf3 15. Bxf3 Qd7 16. Be2 Qb7 17. Ra2 Qb6 18. Ra6 Qb7 19. Ra4 Qb6 20. Qc2 Ne4 21. Rfa1 Bd6 22. Bxd6 Nxd6 23. Nc5 a5 24. Nd7 Nxd4 25. Qd3 Qxb2 26. cxd4 Rfd8 27. Nc5 Nf5 28. Rb1 1-0


[Site "https://www.chess.com"]

[Event "Titled Tuesday Blitz July 25 Late 2023"]
[White "Al-Tarboush, Ward"]
[Black "Anton Guijarro, David"]
[WhiteFideId "7601450"]
[BlackFideId "2285525"]
[WhiteElo "2566"]
[BlackElo "2978"]
[Result "0-1"]
[Round "2"]
[TimeControl "180+2"]
[Date "2023.07.25"]
[WhiteClock "0:00:00"]
[BlackClock "0:00:10"]
[Board "22"]

1. e4 c6 2. Nf3 a6 3. d4 d5 4. Nc3 Bg4 5. Bd3 e6 6. O-O Nf6 7. e5 Nfd7 8. h3 Bxf3 9. Qxf3 c5 10. Bf4 Nc6 11. Qh5 g6 12. Qg4 c4 13. Be2 h5 14. Qg3 Nxd4 15. Rad1 Bc5 16. Bg5 Qc7 17. Rfe1 Nxe2+ 18. Rxe2 Qc6 19. Kh1 Bf8 20. Bh4 Bg7 21. Nxd5 exd5 22. e6 O-O 23. exd7 Qxd7 24. Re7 Qb5 25. b3 Rae8 26. Rde1 Rxe7 27. Rxe7 Qa5 28. Qf3 Qxa2 29. Qxd5 Qxc2 30. bxc4 b5 31. cxb5 Qb1+ 32. Kh2 axb5 33. Rb7 Qb4 34. Be7 Qc4 35. Qxc4 bxc4 36. Bxf8 Kxf8 37. Rb8+ Ke7 38. Rc8 c3 39. g3 Kd7 40. Rc4 Kd6 41. Kg2 Kd5 42. Rc8 Ke4 43. Rc7 Kd3 44. Rd7+ Bd4 45. Rxf7 c2 46. Rc7 Bc3 47. Rd7+ Ke4 48. Re7+ Kd5 49. Rd7+ Ke6 50. Rd3 c1=Q 51. Re3+ Kf6 52. Rf3+ Kg7 53. Re3 Bd4 54. Rf3 Qc6 55. g4 h4 56. g5 Qe4 57. Kh2 Qxf3 58. Kg1 Qxf2+ 0-1


[Site "https://www.chess.com"]

[Event "Titled Tuesday Blitz July 25 Late 2023"]
[White "Kollars, Dmitrij"]
[Black "Ambartsumova, Karina"]
[WhiteFideId "12909572"]
[BlackFideId "4166299"]
[WhiteElo "2977"]
[BlackElo "2566"]
[Result "1-0"]
[Round "2"]
[TimeControl "180+2"]
[Date "2023.07.25"]
[WhiteClock "0:00:10"]
[BlackClock "0:00:00"]
[Board "23"]

1. Nf3 Nf6 2. c4 e6 3. b3 c5 4. g3 b6 5. Bg2 Bb7 6. O-O Be7 7. Bb2 O-O 8. Nc3 Nc6 9. d4 d5 10. cxd5 exd5 11. Rc1 Rc8 12. e3 Re8 13. Ne2 Ne4 14. Nd2 Bf6 15. Nxe4 dxe4 16. Qd2 cxd4 17. Nxd4 Nxd4 18. Bxd4 Bxd4 19. Rxc8 Bxc8 20. exd4 Bb7 21. Rc1 Qd6 22. Qe3 Re7 23. h4 h6 24. Rc3 Rd7 25. Rc4 Re7 26. Kh2 Qf6 27. Rc2 Qd6 28. Rd2 Bd5 29. Re2 Qg6 30. Qf4 Qc6 31. f3 exf3 32. Rxe7 fxg2 33. Rc7 Qe6 34. Qe5 Qg4 35. Rc1 Qf3 36. Rg1 h5 37. b4 Kh7 38. a4 f6 39. Qf4 Qe2 40. Qf5+ 1-0


[Site "https://www.chess.com"]

[Event "Titled Tuesday Blitz July 25 Late 2023"]
[White "Vlassov, Nikolai"]
[Black "Indjic, Aleksandar"]
[WhiteFideId "4103360"]
[BlackFideId "911925"]
[WhiteElo "2564"]
[BlackElo "2975"]
[Result "1/2-1/2"]
[Round "2"]
[TimeControl "180+2"]
[Date "2023.07.25"]
[WhiteClock "0:00:06"]
[BlackClock "0:00:23"]
[Board "24"]

1. e4 e5 2. Bc4 Nc6 3. f4 Nf6 4. Nc3 Nxe4 5. Nf3 Nd6 6. Bb3 e4 7. Ng5 Nd4 8. O-O Nxb3 9. axb3 Be7 10. d3 e3 11. Bxe3 h6 12. Nf3 Nf5 13. Bf2 d5 14. Ne2 O-O 15. Qd2 b6 16. Ned4 Nxd4 17. Nxd4 Qd7 18. b4 c5 19. bxc5 bxc5 20. Nb3 d4 21. Ra5 Qc6 22. Bg3 Bb7 23. f5 Bg5 24. Bf4 c4 25. dxc4 Bxf4 26. Rxf4 d3 27. cxd3 Rad8 28. Nc5 Ba8 29. b4 Rfe8 30. f6 Re1+ 31. Kf2 Rde8 32. Ne4 Rh1 33. fxg7 Qg6 34. Nf6+ Kxg7 35. Nxe8+ Kf8 36. Ke3 Qe6+ 37. Kd4 Qxe8 38. Kc3 Re1 39. Rxa7 Qe5+ 40. Kc2 Re2 41. Raxf7+ Kg8 42. Rf8+ Kg7 43. R4f7+ Kg6 44. Rf6+ Kg7 45. R6f7+ Kg6 46. Rf6+ Kg7 47. R8f7+ Kg8 48. Rf8+ Kg7 1/2-1/2


[Site "https://www.chess.com"]

[Event "Titled Tuesday Blitz July 25 Late 2023"]
[White "Matlakov, Maxim"]
[Black "ATM622"]
[WhiteFideId "4168003"]
[WhiteElo "2974"]
[BlackElo "2562"]
[Result "1-0"]
[Round "2"]
[TimeControl "180+2"]
[Date "2023.07.25"]
[WhiteClock "0:01:23"]
[BlackClock "0:01:21"]
[Board "25"]

1. d4 Nf6 2. Bg5 d5 3. e3 h6 4. Bxf6 exf6 5. c4 dxc4 6. Bxc4 Be7 7. Nc3 O-O 8. Qf3 c5 9. Nge2 Nc6 10. Rd1 cxd4 11. exd4 Qa5 12. O-O Qg5 13. h3 Bf5 14. Ne4 Qg6 15. N2g3 Bxe4 16. Qxe4 Qxe4 17. Nxe4 Rad8 18. d5 Ne5 19. d6 Bxd6 20. Nxd6 Rxd6 21. Rxd6 Nxc4 22. Rd7 Nxb2 23. Rxb7 Nc4 24. Rxa7 Rd8 25. a4 Rd2 26. Ra1 f5 27. a5 f4 28. a6 f3 29. Rc7 Nb6 30. Rb7 1-0


[Site "https://www.chess.com"]

[Event "Titled Tuesday Blitz July 25 Late 2023"]
[White "Horobetz, Graham"]
[Black "Svane, Rasmus"]
[WhiteFideId "2047322"]
[BlackFideId "4657101"]
[WhiteElo "2557"]
[BlackElo "2974"]
[Result "0-1"]
[Round "2"]
[TimeControl "180+2"]
[Date "2023.07.25"]
[WhiteClock "0:00:01"]
[BlackClock "0:00:26"]
[Board "26"]

1. e4 c6 2. d4 d5 3. Nc3 dxe4 4. Nxe4 Nf6 5. Nxf6+ exf6 6. c3 Bd6 7. Bd3 O-O 8. Qc2 Re8+ 9. Ne2 h5 10. O-O h4 11. h3 Nd7 12. Bd2 Nf8 13. Rae1 Be6 14. f4 Bd7 15. f5 Nh7 16. Nf4 Qc7 17. Nh5 Bg3 18. Rxe8+ Rxe8 19. Qd1 Kh8 20. Qg4 Bh2+ 21. Kh1 g5 22. Nxf6 Nxf6 23. Qxg5 Nh7 24. Qxh4 Qg3 25. Qxg3 Bxg3 26. Rf3 Bh4 27. Bf4 Bg5 28. Be5+ f6 29. Bg3 Re3 30. Rxe3 Bxe3 31. Be1 Ng5 32. h4 Nf7 33. g4 c5 34. dxc5 Bc6+ 35. Kh2 Ne5 36. Be2 Bxc5 37. Kg3 Bd6 38. Kf2 Bc5+ 39. Kg3 Bd6 40. Kf2 Kg7 41. Bd2 Bd5 42. b3 Be4 43. Be3 a6 44. b4 Nd3+ 45. Bxd3 Bxd3 46. Bd4 Kf7 47. a3 Bc2 48. Kf3 Bd1+ 49. Ke4 Bxg4 50. c4 Bh3 51. c5 Bg2+ 52. Ke3 Bc7 53. a4 Bc6 54. b5 axb5 55. axb5 Bxb5 56. Kf3 Be5 57. Be3 Kg7 58. h5 Ba4 59. Kg4 Bd1+ 60. Kh4 Bc3 61. Bf2 Bd2 62. Bg3 Bg5+ 63. Kh3 Bxh5 0-1


[Site "https://www.chess.com"]

[Event "Titled Tuesday Blitz July 25 Late 2023"]
[White "Tari, Aryan"]
[Black "Feng, Eric"]
[WhiteFideId "1510045"]
[BlackFideId "30952590"]
[WhiteElo "2942"]
[BlackElo "2556"]
[Result "1-0"]
[Round "2"]
[TimeControl "180+2"]
[Date "2023.07.25"]
[WhiteClock "0:00:13"]
[BlackClock "0:00:24"]
[Board "27"]

1. d4 Nf6 2. c4 e6 3. Nf3 b6 4. g3 Bb7 5. Bg2 Be7 6. O-O O-O 7. Re1 d6 8. Nc3 Ne4 9. Qc2 Nxc3 10. bxc3 Nd7 11. e4 c5 12. d5 e5 13. a4 Ba6 14. Qe2 g6 15. h4 Bf6 16. h5 Bg7 17. hxg6 hxg6 18. Bh3 Nf6 19. Kg2 Bc8 20. Rh1 Bxh3+ 21. Rxh3 Qd7 22. Bh6 Bxh6 23. Rxh6 Kg7 24. Rhh1 Rh8 25. Qe3 Ng4 26. Qg5 f6 27. Qd2 Rxh1 28. Rxh1 Rh8 29. Rxh8 Kxh8 30. Nh2 Kg7 31. Qd1 Nxh2 32. Kxh2 Qe8 33. Kg2 Qh8 34. Qg4 Qe8 35. Qd1 Qh8 36. a5 bxa5 37. Qa4 Qd8 38. Qc6 Qb6 39. Qd7+ Kh6 40. Qe7 a4 41. Qf8+ Kh7 42. Qf7+ Kh6 43. Qxf6 Qb8 44. Qh4+ Kg7 45. Qe7+ Kh6 46. g4 a3 47. Kg3 g5 48. Qf6+ Kh7 49. Qf7+ Kh8 50. Qh5+ Kg7 51. Qxg5+ Kf7 52. Qf5+ Kg7 53. Qd7+ Kg8 54. Qa4 Qb2 55. Qe8+ Kg7 56. Qe7+ Kg8 57. Qd8+ Kg7 58. Qg5+ Kf7 59. Qf5+ Kg7 60. g5 a2 61. Qf6+ Kg8 62. Qd8+ Kg7 63. Qe7+ Kg8 64. g6 Qxc3+ 65. Kg4 1-0


[Site "https://www.chess.com"]

[Event "Titled Tuesday Blitz July 25 Late 2023"]
[White "Richter, Paul"]
[Black "Kamsky, Gata"]
[WhiteFideId "2046350"]
[BlackFideId "2000024"]
[WhiteElo "2553"]
[BlackElo "2936"]
[Result "0-1"]
[Round "2"]
[TimeControl "180+2"]
[Date "2023.07.25"]
[WhiteClock "0:00:00"]
[BlackClock "0:01:22"]
[Board "28"]

1. e4 c5 2. Nf3 e6 3. d3 Nc6 4. Nbd2 g6 5. g3 Bg7 6. Bg2 d6 7. O-O Nge7 8. a4 O-O 9. Re1 Rb8 10. c3 a6 11. Qc2 b5 12. axb5 axb5 13. h4 h6 14. Nf1 e5 15. Ne3 f5 16. Nd5 Nxd5 17. exd5 Ne7 18. Nd2 Bb7 19. c4 bxc4 20. dxc4 e4 21. Rb1 Bc8 22. b3 Ra8 23. f3 Bd4+ 24. Kh2 e3 25. Nf1 f4 26. g4 h5 27. Bb2 Ra2 28. b4 Nf5 29. g5 Nxh4 30. Re2 Qxg5 31. Qb3 Rxb2 32. Rbxb2 cxb4 33. Qxb4 Bc5 34. Qc3 Nf5 35. Rb8 Nd4 36. Qd3 Bf5 37. Rxf8+ Kxf8 38. Qd1 Qh4+ 39. Kg1 Nxe2+ 40. Qxe2 Bd3 0-1


[Site "https://www.chess.com"]

[Event "Titled Tuesday Blitz July 25 Late 2023"]
[White "Sjugirov, Sanan"]
[Black "Dragomirescu, Robin-Alexandru"]
[WhiteFideId "4189302"]
[BlackFideId "1213849"]
[WhiteElo "2927"]
[BlackElo "2553"]
[Result "1-0"]
[Round "2"]
[TimeControl "180+2"]
[Date "2023.07.25"]
[WhiteClock "0:00:20"]
[BlackClock "0:00:00"]
[Board "29"]

1. e4 g6 2. d4 Nf6 3. Bd3 d6 4. Nf3 Bg7 5. O-O O-O 6. c3 Nc6 7. h3 e5 8. Bc2 Nh5 9. Re1 Nf4 10. Bxf4 exf4 11. Nbd2 Re8 12. Bd3 h6 13. Nf1 a5 14. N1h2 g5 15. Nd2 Ne7 16. Qh5 Ng6 17. Ng4 Bxg4 18. Qxg4 c5 19. Nf3 cxd4 20. cxd4 Qb6 21. e5 dxe5 22. Bxg6 Qxg6 23. dxe5 Rac8 24. h4 Rc2 25. hxg5 hxg5 26. b3 Rc5 27. Re2 Bxe5 28. Rae1 f6 29. Qd7 Qf7 30. Qf5 Rd5 31. Nxe5 Rexe5 32. Rxe5 Rxe5 33. Rxe5 fxe5 34. Qxe5 Qg6 35. Qb8+ Kh7 36. Qxb7+ Kh6 37. a4 g4 38. Qd5 g3 39. fxg3 fxg3 40. Qd2+ Kh5 41. Qxa5+ Kh6 42. Qd2+ Kh7 43. Qd7+ Kh6 44. Qd1 Qb6+ 45. Kh1 Qf2 46. Qc1+ Kg6 47. a5 Qd4 48. Qc6+ Kg5 49. Qb5+ Kg6 50. Qb6+ 1-0


[Site "https://www.chess.com"]

[Event "Titled Tuesday Blitz July 25 Late 2023"]
[White "FoxOnTheRun97"]
[Black "Ibarra Jerez, Jose Carlos"]
[BlackFideId "2226332"]
[WhiteElo "2547"]
[BlackElo "2913"]
[Result "0-1"]
[Round "2"]
[TimeControl "180+2"]
[Date "2023.07.25"]
[WhiteClock "0:00:04"]
[BlackClock "0:00:06"]
[Board "30"]

1. Nf3 Nf6 2. b3 d6 3. Bb2 e5 4. c4 g6 5. g3 Bg7 6. Bg2 O-O 7. O-O Nh5 8. d4 e4 9. Nfd2 f5 10. e3 c5 11. Re1 Nc6 12. Nf1 Nb4 13. Re2 Nd3 14. Bc3 Qe7 15. dxc5 dxc5 16. Bxg7 Qxg7 17. Na3 a6 18. Rd2 Be6 19. Nc2 Rad8 20. Ne1 b5 21. Nxd3 exd3 22. Rc1 f4 23. gxf4 bxc4 24. bxc4 Bf5 25. Ng3 Nxg3 26. hxg3 Qe7 27. Rc3 Qe6 28. Bd5 Rxd5 29. cxd5 Qd6 30. Rdxd3 Bxd3 31. Qxd3 Rb8 32. e4 Rb4 33. e5 Qb6 34. d6 Rd4 35. Qf3 c4 36. Kg2 Qc5 37. Qa8+ Kg7 38. Qb7+ Kh6 39. Qf3 a5 40. Rc1 Rd2 41. Rh1+ Kg7 42. Qb7+ Kf8 43. Qe7+ Kg8 44. Qxh7+ Kf8 45. Qe7+ Kg8 46. Qe8+ Kg7 47. Qh8+ Kf7 48. Rh7+ Ke6 49. Qg8+ Kf5 50. Qf7+ Ke4 51. Qxg6+ Kd4 52. d7 Kc3 53. Kh3 Qxf2 54. Kg4 Qe2+ 55. Kg5 Rd3 56. g4 Kd2 57. e6 c3 58. Qxd3+ Qxd3 59. d8=Q Qxd8+ 60. Kf5 Qd3+ 61. Kf6 Qxh7 62. f5 c2 63. e7 Qh8+ 64. Kf7 c1=Q 65. e8=Q Qc4+ 66. Qe6 Qc7+ 67. Kg6 Qcg7# 0-1


[Site "https://www.chess.com"]

[Event "Titled Tuesday Blitz July 25 Late 2023"]
[White "Graif, William"]
[Black "Czarnota, Pawel"]
[WhiteFideId "2609835"]
[BlackFideId "1121219"]
[WhiteElo "2547"]
[BlackElo "2906"]
[Result "1-0"]
[Round "2"]
[TimeControl "180+2"]
[Date "2023.07.25"]
[WhiteClock "0:00:09"]
[BlackClock "0:00:06"]
[Board "31"]

1. e4 c5 2. Nc3 Nc6 3. Bb5 Nd4 4. Nf3 Nxb5 5. Nxb5 a6 6. Nc3 d6 7. d4 cxd4 8. Qxd4 h6 9. Be3 e5 10. Qb4 Nf6 11. O-O-O Bd7 12. Qxb7 Rb8 13. Qxa6 Be7 14. Nd2 O-O 15. f3 Be6 16. Nb3 Qc7 17. Qa5 Qb7 18. Qa7 Rfc8 19. Qxb7 Rxb7 20. Rd2 Bf8 21. Rhd1 Ra8 22. Kb1 Nd7 23. h3 Nb8 24. f4 Nc6 25. Nd5 exf4 26. Bxf4 Ne5 27. Ne3 Rba7 28. a3 Rb7 29. Bxe5 dxe5 30. Nd5 Rab8 31. Rd3 Bd7 32. Nf6+ gxf6 33. Rxd7 Rb6 34. Rc7 Bd6 35. Rd7 Bf8 36. Ra7 Bd6 37. a4 Kg7 38. a5 Rc6 39. Rd3 Kg6 40. Rd7 Bb4 41. Ra7 f5 42. exf5+ Kxf5 43. Rxf7+ Kg6 44. Rdd7 e4 45. Nd4 Rf6 46. Rxf6+ Kxf6 47. a6 Bc5 48. a7 Ra8 49. Nb5 e3 50. Kc1 Re8 51. Nc3 Ra8 52. Ne4+ Ke5 53. Nxc5 Kf4 54. Kd1 Kg3 55. Ke2 Kxg2 56. Ne6 Kxh3 57. Rb7 h5 58. Nc7 Rg8 59. a8=Q Rg2+ 60. Kxe3 Rg3+ 61. Kd2 h4 62. Rb3 Kh2 63. Rxg3 hxg3 64. b4 g2 65. Qxg2+ Kxg2 66. b5 1-0


[Site "https://www.chess.com"]